AoeStats
← Cristian El Sólido

Arena

508514596Analyzed
4v4 RM · 9d ago on Sep 22, 2026· 56m 34s· 8 players
Game mode
Random Map
Map size
Large (8 player)
Population
200
Speed
Normal
Resources
Standard
Victory
Conquest
Starting age
Dark Age
Ending age
Imperial Age
RankedLock teamsTeams togetherTeam positionsShared explorationLock speedFull tech treeHidden civsTurbo modeCheats
Victory
Defeat
859
+19
🇦🇷 Byzantines · Argentina
847
+19
🇷🇴 Goths · Romania
845
+19
🇹🇷 Lithuanians · Türkiye
824
+20
🇪🇸 Turks · Spain
1083
-25
🇨🇱 Bohemians · Chile
883
-18
🇺🇸 Teutons · United States
862
-17
🇪🇸 Saracens · Spain
847
-17
KNoS
0:29 Loom
11:12 Feudal Age
11:55 Double-Bit Axe
17:25 Castle Age
15:41 Horse Collar
25:05 Wheelbarrow
26:26 Hand Cart
31:08 Imperial Age
29:21 Anarchy
29:28 Gold Mining
30:45 Squires
30:05 Pikeman
31:37 Forging
31:28 Scale Mail Armor
32:21 Bow Saw
35:16 Caravan
35:24 Halberdier
40:50 Two-Man Saw
42:19 Elite Huskarl
46:44 Chain Mail Armor
47:06 Iron Casting
46:21 Fletching
52:13 Perfusion
52:24 Padded Archer Armor
52:21 Bodkin Arrow
53:26 Blast Furnace
52:49 Conscription
54:18 Bracer
54:35 Leather Archer Armor
ryioze
9:56 Feudal Age
10:38 Double-Bit Axe
10:37 Horse Collar
15:14 Loom
18:53 Castle Age
20:06 Stone Mining
22:33 Stone Shaft Mining
22:50 Bow Saw
24:43 Fervor
27:25 Heavy Plow
28:10 Forging
28:06 Scale Barding Armor
28:19 Treadmill Crane
28:51 Masonry
28:47 Gold Mining
30:41 Husbandry
30:51 Bloodlines
34:07 Wheelbarrow
34:48 Iron Casting
37:18 Chain Barding Armor
41:39 Imperial Age
41:44 Elite Leitis
44:22 Plate Barding Armor
44:22 Tower Shields
49:05 Conscription
57:42 Chemistry
57:03 Ballistics
56:25 Treadmill Crane
57:15 Architecture
JUSTICIA
10:42 Feudal Age
17:34 Castle Age
18:30 Stone Mining
19:07 Double-Bit Axe
23:42 Horse Collar
26:16 Fletching
26:37 Forging
27:46 Bow Saw
27:24 Loom
27:41 Arson
30:47 Imperial Age
28:37 Fortified Wall
29:40 Husbandry
30:29 Bodkin Arrow
31:10 Iron Casting
31:04 Heavy Plow
30:46 Light Cavalry
32:32 Chemistry
31:30 Murder Holes
31:46 Scale Barding Armor
32:30 Wheelbarrow
33:13 Squires
32:34 Pikeman
34:43 Padded Archer Armor
34:43 Bracer
35:04 Chain Barding Armor
34:22 Heavy Camel Rider
35:20 Gold Mining
37:49 Halberdier
40:06 Scale Mail Armor
40:42 Plate Barding Armor
39:45 Elite Varangian Guard
42:44 Elite Skirmisher
46:06 Elite Cataphract
53:47 Gambesons
54:30 Chain Mail Armor
54:31 Leather Archer Armor
Cristian El Sólido
5:25 Loom
5:38 Loom
10:59 Feudal Age
15:33 Castle Age
14:36 Double-Bit Axe
14:32 Horse Collar
17:17 Bow Saw
19:31 Heavy Plow
22:35 Fletching
27:18 Scale Barding Armor
29:22 Forging
30:41 Bloodlines
29:51 Light Cavalry
30:32 Husbandry
35:59 Iron Casting
37:39 Gold Mining
48:49 Imperial Age
49:09 Imperial Age
49:25 Wheelbarrow
49:52 Caravan
50:59 Hand Cart
50:32 Town Watch
56:25 Bodkin Arrow
56:16 Treadmill Crane
56:49 Masonry
57:00 Ballistics
56:49 Siege Engineers
57:50 Chemistry
56:56 Siege Engineers
57:16 Ballistics
57:01 Siege Engineers
xxyvonnederful
12:22 Feudal Age
15:52 Castle Age
14:15 Double-Bit Axe
14:15 Horse Collar
17:31 Wheelbarrow
20:53 Bow Saw
22:23 Hand Cart
24:28 Scale Barding Armor
24:35 Forging
24:32 Heavy Plow
27:29 Imperial Age
26:08 Chain Barding Armor
26:31 Gold Mining
26:32 Stone Mining
27:04 Bloodlines
27:36 Iron Casting
27:39 Cavalier
29:44 Plate Barding Armor
30:10 Blast Furnace
29:01 Fletching
29:57 Stone Shaft Mining
30:17 Paladin
31:20 Conscription
34:26 Bodkin Arrow
34:32 Scale Mail Armor
33:56 Pikeman
37:13 Hoardings
37:30 Crenellations
43:45 Halberdier
44:28 Squires
47:16 Fortified Wall
47:18 Masonry
Muninn77
11:38 Feudal Age
9:54 Loom
17:29 Castle Age
16:03 Double-Bit Axe
16:12 Gold Mining
21:48 Imperial Age
21:17 Padded Archer Armor
25:06 Leather Archer Armor
Ieankongi
7:19 Loom
12:28 Feudal Age
13:55 Horse Collar
17:38 Castle Age
16:35 Stone Mining
16:36 Double-Bit Axe
19:49 Bow Saw
20:56 Fletching
21:54 Gold Mining
22:52 Crossbowman
25:08 Gold Shaft Mining
26:00 Thumb Ring
26:16 Padded Archer Armor
26:14 Bodkin Arrow
28:32 Padded Archer Armor
29:57 Leather Archer Armor
31:38 Forging
31:28 Scale Mail Armor
32:29 Loom
33:19 Wheelbarrow
32:32 Town Watch
35:09 Bloodlines
35:03 Husbandry
34:25 Light Cavalry
35:16 Scale Barding Armor
43:21 Hand Cart
44:07 Chain Mail Armor
44:12 Chain Barding Armor
44:29 Iron Casting
Panchote
7:17 Loom
9:52 Feudal Age
14:56 Castle Age
13:30 Town Watch
14:00 Double-Bit Axe
14:05 Horse Collar
15:43 Pikeman
25:32 Bow Saw
28:40 Wheelbarrow
29:06 Squires
31:20 Wagenburg Tactics
32:08 Fletching
32:19 Padded Archer Armor
33:35 Chemistry
32:47 Fortified Wall
33:40 Chemistry
32:47 Town Patrol
33:08 Hand Cart
34:35 Scale Mail Armor
34:45 Forging
38:45 Imperial Age
37:11 Town Patrol
39:07 Chain Mail Armor
39:28 Iron Casting
38:50 Halberdier
40:56 Plate Mail Armor
42:16 Blast Furnace
42:32 Two-Man Saw
42:33 Bodkin Arrow
42:53 Leather Archer Armor
42:58 Hussite Reforms
43:14 Conscription
44:29 Bracer
46:33 Elite Hussite Wagon
46:57 Man-at-Arms
48:15 Long Swordsman
48:21 Houfnice
49:29 Block Printing
49:15 Devotion
49:51 Theocracy
50:43 Ring Archer Armor
53:59 Bombard Tower
55:12 Heavy Plow
Connection lost

Rejoining the realm…

Still unreachable

The connection could not be restored.

Session expired

The server has moved on; the page needs a fresh start.